Map: Orbital Shipyard

Players

Scion - Winner!

  • Race: Terran Terran
  • League: Gold

capac

  • Race: Terran Terran

VOD

Have the link to the VOD?

Description

Time

  • Played on: Feb. 9, 2016, 12:23 p.m.
  • Length: 24:56
Show
View Real Time Build Order
Export as new Build Order

Scion Terran - Winner!

Build Orders: Reaper Expand, MMM Bio 

Get SALT Encoding   

  12  0:00  SCV  
  13  0:13  SCV  
  14  0:25  SCV  
  14  0:26  Supply Depot  
  15  0:48  SCV  
  16  0:50  Barracks  
  16  0:52  Refinery  
  16  0:58  Supply Depot  
  16  1:00  SCV  
  17  1:15  SCV  
  18  1:35  Command Center  
  18  1:39  SCV  
  19  1:44  Reaper  
  20  1:54  Orbital Command  
  20  2:06  Barracks  
  20  2:16  Barracks Tech Lab  
  20  2:20  SCV  
  21  2:29  Supply Depot  
  21  2:32  SCV  
  21  2:35  Refinery  
  22  2:39  Engineering Bay  
  22  2:40  Marine  
  23  2:52  SCV  
  23  2:53  SCV  
  23  2:58  Marine  
  26  3:06  SCV  
  26  3:07  Orbital Command  
  27  3:13  Barracks Reactor  
  27  3:15  Marine  
  27  3:17  Combat Shields  
  28  3:24  Terran Infantry Weapons Level 1  
  28  3:30  SCV  
  28  3:33  Marine  
  30  3:34  SCV  
  31  3:42  SCV  
  31  3:44  Barracks  
  33  3:48  SCV  
  33  3:54  Engineering Bay, SCV  
  34  3:57  Marine x2  
  34  4:00  SCV  
  37  4:03  Marauder  
  37  4:07  SCV  
  40  4:12  Supply Depot  
  40  4:15  Supply Depot, Missile Turret  
  40  4:18  Missile Turret  
  40  4:23  SCV x2  
  40  4:24  Marine  
  43  4:33  Terran Infantry Armor Level 1  
  43  4:35  SCV x2  
  45  4:39  Marine x2  
  45  4:41  Factory  
  47  4:46  Missile Turret  
  47  4:48  Refinery  
  47  4:49  SCV x2  
  49  4:58  Marine x2  
  49  4:59  Marine x2  
  53  5:05  SCV x2  
  55  5:16  Marine x2  
  55  5:20  Marine x2  
  59  5:25  SCV x2, Factory Reactor  
  61  5:29  Starport  
  61  5:31  Command Center  
  61  5:34  Marine  
  62  5:39  Marine x2, Stimpack  
  62  5:40  Marauder  
  62  5:41  SCV x2  
  68  6:01  Marine, Barracks Reactor  
  68  6:02  Marine x2  
  70  6:19  Barracks  
  70  6:22  Barracks  
  70  6:25  Supply Depot  
  70  6:30  Missile Turret  
  70  6:43  Marauder, Marine x2, SCV, Medivac  
  70  6:45  Marine x2  
  76  6:51  Factory Tech Lab  
  76  6:53  Supply Depot  
  74  7:01  Marine x2  
  76  7:03  Marine x2, Armory  
  76  7:05  Marauder  
  80  7:11  SCV x2  
  82  7:16  Orbital Command  
  82  7:18  Marine x2  
  82  7:21  Marine x2  
  86  7:23  SCV x2  
  86  7:26  Refinery, Marauder  
  90  7:32  Siege Tank  
  90  7:33  Marine  
  90  7:35  Barracks Reactor  
  90  7:36  Marine x2, Medivac x2  
  100  7:38  Marine  
  101  7:58  Supply Depot  
  101  8:02  Supply Depot  
  101  8:11  Marine, SCV x2  
  101  8:19  Marine x5, SCV, Medivac  
  109  8:23  Marine, SCV  
  109  8:24  Marauder, SCV  
  95  8:34  Marine  
  95  8:37  Marine x3  
  95  8:40  SCV x2  
  77  8:45  Marauder  
  77  8:46  Marine x3  
  77  8:47  Supply Depot x2, Siege Tank  
  85  8:49  Supply Depot  
  85  8:52  Marine  
  85  8:53  Factory  
  85  8:55  Refinery, Marine x3  
  89  9:04  Marine x3  
  89  9:07  Marauder  
  94  9:10  Marine  
  94  9:13  Marine x2  
  94  9:15  SCV x3  
  101  9:17  Concussive Shells  
  101  9:19  Barracks Reactor  
  101  9:21  Siege Tank  
  101  9:22  Marine x3  
  103  9:28  Marauder, Marine  
  103  9:31  Marine  
  102  9:49  Marauder, Marine x3  
  102  10:10  Command Center  
  102  10:13  Factory Tech Lab  
  102  10:35  Supply Depot  
  102  10:36  Supply Depot  
  102  10:37  Supply Depot  
  102  10:57  Marauder, Marine, SCV, Medivac x2  
  102  10:58  Marine x7, Siege Tank, SCV  
  121  11:09  SCV  
  121  11:10  Supply Depot, SCV  
  123  11:12  Supply Depot  
  123  11:13  Supply Depot  
  123  11:14  Marine  
  123  11:15  Marine x2  
  126  11:21  Marine x5  
  126  11:22  Marauder, SCV  
  134  11:32  Marine  
  133  11:33  Marine x2  
  133  11:39  Marine x3  
  130  11:43  Marauder  
  132  11:48  Marine x2  
  132  11:51  Marine x3  
  132  11:52  SCV x2  
  132  11:53  Siege Tank  
  133  11:54  Siege Tank  
  133  11:56  Planetary Fortress  
  134  12:04  SCV x2  
  134  12:05  Marauder  
  134  12:07  Refinery  
  138  12:08  Refinery  
  138  12:12  Marine x3  
  138  12:13  Marine x3  
  144  12:19  Barracks  
  144  12:25  Siege Tank  
  144  12:26  Marauder  
  144  12:28  Barracks  
  137  12:35  Marine x4  
  137  12:36  Marine x3  
  143  12:44  Marine  
  143  12:47  Marauder  
  146  12:53  Marine x2  
  146  12:57  Siege Tank  
  151  12:58  Widow Mine  
  151  12:59  Barracks  
  153  13:09  Marauder  
  155  13:18  Marine  
  155  13:19  Marine x6  
  161  13:20  Marine  
  161  13:24  SCV  
  161  13:25  Barracks Tech Lab  
  164  13:28  Terran Infantry Weapons Level 2  
  164  13:29  Terran Infantry Armor Level 2  
  164  13:31  Barracks Reactor  
  164  13:36  Marine  
  164  13:39  Supply Depot  
  165  13:41  Supply Depot  
  165  13:44  Supply Depot  
  165  13:45  Marine x2  
  165  14:00  Widow Mine  
  165  14:01  Marauder  
  169  14:03  Marine x2  
  169  14:04  Marauder, Marine x6  
  169  14:06  Siege Tank  
  179  14:37  Marine x3  
  179  14:38  Marine x2  
  173  14:39  Marine x3  
  173  14:40  Marine  
  173  14:41  Marauder x2  
  152  14:58  Marine x6  
  147  15:03  Marauder x2  
  147  15:06  Marine x3  
  140  15:24  Marauder x2  
  141  15:33  Marine x5  
  141  15:34  Marine  
  139  15:37  Marine x2  
  139  15:41  Command Center  
  140  15:45  Marauder x2  
  140  15:47  Marine  
  144  15:51  Marine  
  145  16:03  Marine  
  145  16:04  Marine  
  143  16:07  Marauder x2  
  148  16:16  SCV x2  
  150  16:26  Sensor Tower  
  150  16:28  Marauder x2  
  154  16:35  Marine x3  
  157  16:53  Marauder x2, Marine x2, SCV x2  
  165  16:55  SCV  
  166  17:02  Siege Tank  
  166  17:07  SCV  
  170  17:15  Marauder  
  172  17:32  Missile Turret  
  172  17:34  Marauder  
  165  17:38  Marine x2  
  165  17:39  Marauder, Marine x2  
  165  17:42  Marine x2  
  162  17:50  Marine  
  161  17:56  Marauder  
  163  18:00  Marauder  
  163  18:03  SCV x2  
  168  18:05  SCV x2  
  169  18:17  Marauder  
  171  18:23  Command Center  
  171  18:26  Marine  
  172  18:48  Marauder x2, Marine x4  
  180  18:58  Supply Depot  
  180  19:19  Widow Mine, Marine x4  
  180  19:20  Marauder  
  188  19:32  Refinery  
  188  19:33  Refinery  
  188  19:34  SCV x2  
  188  19:35  Supply Depot, Marauder  
  188  19:36  Supply Depot  
  192  19:40  Supply Depot  
  192  19:41  Marauder  
  194  19:48  Widow Mine  
  196  19:54  Marine x2  
  196  19:56  Marauder  
  200  20:17  Missile Turret  
  177  21:23  Marauder, Marine x6  
  177  21:24  Marauder  
  108  21:26  Marine x3  
  108  21:27  Marine  
  102  21:37  SCV x2  
  96  21:43  Supply Depot  
  96  21:44  Orbital Command  
  96  21:45  Marauder x2  
  96  21:46  Supply Depot  
  96  21:47  SCV x2  
  102  21:48  Supply Depot  
  102  21:49  SCV  
  102  21:50  Marine x2  
  102  21:51  Marine x4  
  102  21:52  Barracks Reactor  
  107  22:03  Marine  
  107  22:04  Marine x3  
  107  22:06  Marauder x2  
  107  22:08  Marine x3  
  118  22:22  Marine x2  
  114  22:25  Marine x5  
  114  22:26  Marine x3  
  114  22:28  Marauder x2  
  106  22:40  Marine x2  
  106  22:43  Marine x5  
  106  22:44  Marine x3  
  113  22:49  Marauder x2  
  118  22:55  SCV  
  118  22:58  Marine x2  
  104  23:00  Marine  
  104  23:01  Marine x4  
  104  23:02  Marine x3  
  104  23:03  SCV  
  84  23:10  Marauder  
  84  23:11  Marauder  
  84  23:15  Marine x2  
  84  23:18  Marine x2  
  84  23:19  Marine x4  
  67  23:20  Marine x2  
  67  23:26  SCV x2  
  65  23:32  Marauder x2  
  65  23:33  Marine x2  
  69  23:36  Marine x3  
  69  23:37  Marine x2  
  71  23:51  Marine  
  71  23:52  Marine  
  71  23:53  Marauder x2  
  76  24:01  Marine x4  
  76  24:02  SCV x2  
  82  24:06  Orbital Command  
  82  24:08  Marine x3  
  82  24:09  Marine  
  86  24:13  SCV  
  86  24:14  SCV  
  86  24:15  Marauder x2, Orbital Command  
  90  24:24  Marine  
  89  24:35  SCV x2  
Show
View Real Time Build Order
Export as new Build Order

capac Terran 

Build Orders:  

Get SALT Encoding   

  12  0:01  SCV  
  13  0:13  SCV  
  14  0:18  Supply Depot  
  14  0:26  SCV  
  15  0:39  SCV  
  15  0:42  Barracks  
  16  0:47  Refinery  
  16  0:52  SCV  
  17  1:04  SCV  
  18  1:16  SCV  
  19  1:28  SCV  
  20  1:36  Supply Depot  
  20  1:38  Command Center  
  20  1:39  Marine  
  21  1:57  Factory  
  21  1:59  Marine  
  22  2:04  Orbital Command  
  22  2:23  Refinery  
  22  2:29  Barracks Reactor  
  22  2:32  SCV  
  23  2:44  SCV  
  23  2:49  Factory Tech Lab  
  24  2:54  Orbital Command  
  24  3:09  Marine x2  
  24  3:10  Siege Tank  
  29  3:13  SCV  
  30  3:22  SCV  
  30  3:25  SCV  
  32  3:28  Marine x2  
  34  3:34  SCV  
  34  3:37  SCV  
  36  3:44  Starport  
  36  3:46  Marine x2, SCV  
  39  3:49  SCV  
  39  3:55  Barracks, Siege Tank  
  43  3:57  Barracks  
  43  3:58  SCV  
  43  4:01  SCV  
  43  4:02  Supply Depot  
  45  4:07  Liberator  
  45  4:13  SCV  
  47  4:24  SCV  
  50  4:39  Refinery  
  50  4:40  Refinery, SCV x2  
  50  4:41  Marine x2  
  50  4:44  Barracks Tech Lab  
  50  4:45  Barracks Reactor  
  54  4:50  Supply Depot x2  
  54  4:53  Engineering Bay  
  54  5:08  Stimpack  
  54  5:11  Barracks  
  54  5:12  SCV x2  
  56  5:19  Supply Depot  
  56  5:24  SCV x2  
  56  5:26  Marine x3  
  61  5:32  Starport Reactor  
  61  5:33  Siege Tank  
  64  5:36  SCV x2  
  66  5:43  Supply Depot  
  66  5:45  Terran Infantry Weapons Level 1  
  66  5:48  SCV x2  
  66  5:49  Armory  
  68  6:03  Barracks Reactor  
  68  6:06  Siege Tank  
  68  6:11  Medivac  
  73  6:13  Medivac  
  75  6:19  SCV x2  
  75  6:22  Supply Depot  
  75  6:24  Supply Depot  
  77  6:27  Command Center  
  77  6:53  Siege Tank  
  77  6:54  Medivac x2  
  81  6:55  Marine x2  
  81  6:56  Marine x4  
  81  6:58  Marine  
  88  7:02  Supply Depot  
  88  7:04  Terran Vehicle Weapons Level 1  
  88  7:14  Factory  
  88  7:29  Medivac  
  90  7:30  Medivac  
  90  7:33  Marine x6  
  90  7:35  Marine  
  99  7:38  SCV x2  
  101  7:57  Orbital Command  
  101  8:02  Medivac x2  
  101  8:05  Marine x5, Factory Tech Lab  
  107  8:06  Marine x2  
  109  8:14  Supply Depot  
  109  8:19  Supply Depot  
  103  8:44  SCV  
  103  8:45  SCV  
  105  8:48  SCV  
  106  8:56  SCV  
  106  8:57  SCV  
  106  8:58  Liberator x2  
  106  9:02  SCV  
  109  9:03  Marine x4  
  109  9:04  Marauder, Marine x2  
  109  9:07  Siege Tank  
  109  9:09  SCV  
  121  9:13  Siege Tank  
  103  9:57  Siege Tank x2  
  103  9:58  Marine x5  
  103  9:59  Marine x2  
  116  10:08  Liberator x2  
  116  10:13  Command Center  
  116  10:18  Terran Vehicle Weapons Level 2  
  116  10:19  Terran Infantry Weapons Level 2  
  116  10:20  Barracks  
  116  10:21  Barracks  
  116  10:23  Marine x2  
  116  10:24  Barracks, Marine x5  
  129  10:28  Engineering Bay  
  129  10:29  Siege Tank  
  129  10:34  Siege Tank  
  135  10:41  Marine x3  
  138  10:44  Marine x3  
  141  10:51  Supply Depot, Marine  
  142  10:57  SCV  
  142  10:58  Refinery, SCV x2  
  142  10:59  Refinery, Marine x2  
  147  11:10  SCV  
  128  11:52  Marine  
  128  11:53  Marine x3  
  132  11:56  Barracks Reactor  
  132  11:57  Barracks Reactor  
  132  12:05  SCV  
  132  12:06  SCV x2  
  135  12:08  Barracks Reactor  
  135  12:47  Medivac x2  
  135  12:49  Marine x5  
  144  13:12  Siege Tank x2  
  150  13:44  Siege Tank x2  
  154  14:13  Marine x4  
  91  16:09  Marine x2  
  91  16:10  Marine x6  
  91  16:11  Marine x3  
  102  16:21  Planetary Fortress  
  102  16:27  Marine x3  
  102  16:28  Marine x6  
  111  16:40  Starport  
  111  16:51  Marine x5  
  111  16:52  Marine x2  
  118  16:54  Marine  
  118  16:55  Marine x3  
  122  17:06  Refinery  
  122  17:07  Refinery, Starport  
  122  17:09  Marine  
  122  17:13  Marine x2  
  122  17:14  Marine x7  
  122  17:15  Marine  
  133  17:21  Command Center  
  133  17:26  Marine  
  132  17:31  Marine  
  122  17:44  Starport Reactor  
  106  18:04  Liberator x2  
  106  18:18  Siege Tank  
  109  18:26  Marine x4  
  109  18:27  Marine x4  
  119  18:28  Marine x3  
  126  18:47  Liberator x2  
  126  18:52  Siege Tank  
  129  18:56  Marine x4  
  129  18:57  Marine x7  
  146  19:14  Marine  
  147  19:25  Siege Tank  
  150  19:44  Liberator x2  
  150  19:58  Marine x6  
  156  20:02  Siege Tank  
  163  20:28  Orbital Command  
  163  20:36  Marine x5  
  163  20:37  Marine  
  163  20:40  Starport Reactor  
  169  21:11  SCV x2  
  171  21:12  SCV  
  139  21:23  SCV x2  
  139  21:24  SCV  
  89  22:42  Marine x5  
  84  23:17  Marine  
  84  23:18  Marine x7  
  83  23:25  Marine x3  
  84  23:35  Marine x2  
  83  23:41  Liberator x2  
  83  23:42  Liberator  
  66  23:59  Marine x3  
  66  24:00  Marine x3  
  76  24:12  Medivac  
Tags
 
Composition
MMM Bio
League
Gold
Matchup
TvT
Race
Terran
Add a new tag
Caveats
  • Supply blocks, unpowered buildings, or Contaminate may cause inaccurate times.
  • Supply counts are checked every 10 seconds.